2959 views
Uploaded 2020-02-05 21:52:32
Game version 1.32 / 1.32.1
19:52 long 3on3 ladder game on (6)Monsoon_LV
Saved by BEARAND
2959 views
Uploaded 2020-02-05 21:52:32
Game version 1.32 / 1.32.1
19:52 long 3on3 ladder game on (6)Monsoon_LV


78 units @ 7.7k
/ 0.8k
177 buildings @ 11.9k
/ 6.4k



| Lesser Clarity Potion | 2 | 140 |
| Staff of Sanctuary | 2 | 500 |
| Scroll of Town Portal | 1 | 350 |
| Staff of Teleportation | 2 | 300 |
| Boots of Speed | 3 | 750 |
| Periapt of Vitality | 1 | 325 |
| Circlet of Nobility | 1 | 175 |
| Healing Salve | 2 | 200 |
| Orb of Lightning | 1 | 375 |
| total: | 15 | 3115g |
| Peasant | 22 | 1650 | / | 0 |
| Sorceress | 1 | 155 | / | 20 |
| total: | 23 | 1805g | / | 20w |
| Scout Tower | 58 | 1740 | / | 1160 |
| Arcane Tower | 3 | 210 | / | 150 |
| Guard Tower | 18 | 1260 | / | 900 |
| Altar of Kings | 1 | 180 | / | 50 |
| Farm | 5 | 400 | / | 100 |
| Lumber Mill | 2 | 240 | / | 0 |
| Town Hall | 1 | 385 | / | 205 |
| Arcane Vault | 2 | 260 | / | 60 |
| Arcane Sanctum | 1 | 150 | / | 140 |
| Keep | 1 | 320 | / | 210 |
| Castle | 1 | 360 | / | 210 |
| total: | 70 | 3355g | / | 1715w |
| 0:02 | Peasant |
| 0:02 | Peasant |
| 0:06 | Altar of Kings |
| 0:10 | Farm |
| 0:11 | Peasant |
| 0:21 | Peasant |
| 0:41 | Peasant |
| 0:44 | Farm |
| 0:52 | Lumber Mill |
| 0:55 | Peasant |
| 1:02 | Peasant |
| 1:20 | Peasant |
| 1:25 | Scout Tower |
| 1:31 | Scout Tower |
| 1:38 | Peasant |
| 1:51 | Arcane Tower |
| 1:53 | Scout Tower |
| 1:56 | Scout Tower |
| 2:00 | Peasant |
| 2:08 | Blizzard |
| 2:14 | Guard Tower |
| 2:19 | Scout Tower |
| 2:21 | Peasant |
| 2:24 | Farm |
| 2:31 | Guard Tower |
| 2:43 | Peasant |
| 3:15 | Peasant |
| 3:15 | Peasant |
| 3:24 | Guard Tower |
| 3:28 | Scout Tower |
| 3:29 | Scout Tower |
| 3:56 | Peasant |
| 3:57 | Peasant |
| 4:07 | Town Hall |
| 4:30 | Brilliance Aura |
| 4:42 | Peasant |
| 4:42 | Peasant |
| 4:51 | Guard Tower |
| 4:53 | Scout Tower |
| 4:54 | Scout Tower |
| 4:54 | Scout Tower |
| 4:55 | Scout Tower |
| 4:56 | Scout Tower |
| 5:00 | Peasant |
| 5:27 | Peasant |
| 5:50 | Keep |
| 5:51 | Guard Tower |
| 5:54 | Scout Tower |
| 5:54 | Scout Tower |
| 5:55 | Scout Tower |
| 5:56 | Scout Tower |
| 6:00 | Scout Tower |
| 6:02 | Peasant |
| 6:02 | Peasant |
| 6:04 | Healing Salve |
| 6:27 | Improved Masonry |
| 6:29 | Guard Tower |
| 6:33 | Scout Tower |
| 6:34 | Scout Tower |
| 6:35 | Scout Tower |
| 6:36 | Scout Tower |
| 6:46 | Arcane Vault |
| 6:49 | Arcane Vault |
| 6:51 | Scout Tower |
| 8:10 | Guard Tower |
| 8:11 | Castle |
| 8:15 | Guard Tower |
| 8:16 | Scout Tower |
| 8:29 | Advanced Masonry |
| 8:30 | Improved Lumber Harvesting |
| 8:39 | Staff of Teleportation |
| 8:40 | Boots of Speed |
| 8:43 | Blizzard |
| 8:58 | Guard Tower |
| 8:59 | Guard Tower |
| 9:01 | Scout Tower |
| 9:01 | Scout Tower |
| 9:02 | Scout Tower |
| 9:02 | Scout Tower |
| 9:09 | Scout Tower |
| 9:09 | Scout Tower |
| 9:10 | Scout Tower |
| 9:14 | Flame Strike |
| 9:32 | Guard Tower |
| 9:34 | Arcane Sanctum |
| 9:49 | Staff of Teleportation |
| 9:50 | Boots of Speed |
| 9:51 | Periapt of Vitality |
| 9:51 | Circlet of Nobility |
| 10:04 | Guard Tower |
| 10:42 | Guard Tower |
| 10:44 | Scout Tower |
| 10:44 | Scout Tower |
| 10:45 | Scout Tower |
| 10:46 | Scout Tower |
| 10:52 | Imbued Masonry |
| 10:52 | Advanced Lumber Harvesting |
| 10:54 | Magic Sentry |
| 10:55 | Sorceress Adept Training |
| 10:55 | Sorceress |
| 11:15 | Boots of Speed |
| 11:20 | Arcane Tower |
| 11:27 | Rain of Fire |
| 11:47 | Guard Tower |
| 12:11 | Scout Tower |
| 12:12 | Scout Tower |
| 12:12 | Scout Tower |
| 12:13 | Scout Tower |
| 12:18 | Orb of Lightning |
| 12:20 | Healing Salve |
| 12:21 | Scroll of Town Portal |
| 12:26 | Sorceress Master Training |
| 12:33 | Scout Tower |
| 12:33 | Scout Tower |
| 12:34 | Scout Tower |
| 12:35 | Scout Tower |
| 12:36 | Arcane Tower |
| 12:42 | Farm |
| 12:48 | Lumber Mill |
| 12:59 | Farm |
| 13:20 | Guard Tower |
| 13:28 | Siphon Mana |
| 14:08 | Lesser Clarity Potion |
| 14:10 | Staff of Sanctuary |
| 14:54 | Lesser Clarity Potion |
| 15:05 | Scout Tower |
| 15:06 | Scout Tower |
| 15:09 | Scout Tower |
| 15:10 | Scout Tower |
| 15:14 | Scout Tower |
| 15:14 | Scout Tower |
| 15:18 | Scout Tower |
| 15:19 | Scout Tower |
| 15:27 | Scout Tower |
| 15:28 | Scout Tower |
| 15:29 | Scout Tower |
| 15:30 | Scout Tower |
| 15:31 | Scout Tower |
| 15:32 | Scout Tower |
| 16:03 | Guard Tower |
| 16:08 | Cleaving Attack |
| 16:36 | Guard Tower |
| 16:59 | Staff of Sanctuary |
| 17:23 | Brilliance Aura |
| 17:50 | Guard Tower |
| 17:58 | Scout Tower |
| 17:59 | Scout Tower |
| 18:53 | Rain of Fire |
| 19:09 | Flame Strike |
| Right click | 933 |
| Select group | 329 |
| Select | 184 |
| Build/train/purchase | 127 |
| Use ability | 86 |
| Misc. action | 38 |
| Assign group | 17 |
| Chat | 11 |
| Item give/drop | 9 |
| Minimap ping | 1 |


| Healing Salve | 2 | 200 |
| Orb of Lightning | 2 | 750 |
| Boots of Speed | 2 | 500 |
| Staff of Teleportation | 2 | 300 |
| Periapt of Vitality | 1 | 325 |
| total: | 9 | 2075g |
| Peon | 16 | 1200 | / | 0 |
| Troll Batrider | 16 | 2560 | / | 640 |
| total: | 32 | 3760g | / | 640w |
| Watch Tower | 18 | 1980 | / | 1440 |
| Altar of Storms | 2 | 360 | / | 100 |
| Orc Burrow | 3 | 480 | / | 120 |
| War Mill | 1 | 205 | / | 0 |
| Voodoo Lounge | 3 | 390 | / | 90 |
| Great Hall | 1 | 385 | / | 185 |
| Beastiary | 4 | 580 | / | 560 |
| Stronghold | 1 | 315 | / | 190 |
| Fortress | 1 | 325 | / | 190 |
| total: | 32 | 4380g | / | 2495w |
| 0:02 | Peon |
| 0:02 | Peon |
| 0:05 | Altar of Storms |
| 0:18 | Orc Burrow |
| 0:27 | Peon |
| 0:43 | Peon |
| 0:49 | War Mill |
| 0:58 | Peon |
| 1:20 | Voodoo Lounge |
| 1:23 | Peon |
| 1:27 | Peon |
| 1:44 | Peon |
| 1:53 | Orc Burrow |
| 2:01 | Watch Tower |
| 2:07 | Wind Walk |
| 2:10 | Peon |
| 2:27 | Peon |
| 2:29 | Watch Tower |
| 2:36 | Peon |
| 2:46 | Peon |
| 3:17 | Stronghold |
| 3:50 | Watch Tower |
| 3:51 | Watch Tower |
| 4:12 | Orc Burrow |
| 4:34 | Boots of Speed |
| 4:35 | Staff of Teleportation |
| 4:49 | Healing Salve |
| 4:52 | Watch Tower |
| 4:54 | Watch Tower |
| 5:06 | Watch Tower |
| 5:55 | Watch Tower |
| 5:57 | Watch Tower |
| 6:02 | Critical Strike |
| 6:29 | Great Hall |
| 6:38 | Hex |
| 6:55 | Watch Tower |
| 7:12 | Watch Tower |
| 7:18 | Beastiary |
| 7:38 | Watch Tower |
| 8:21 | Voodoo Lounge |
| 8:23 | Voodoo Lounge |
| 8:28 | Fortress |
| 8:41 | Boots of Speed |
| 9:01 | Watch Tower |
| 9:03 | Peon |
| 9:03 | Peon |
| 9:03 | Peon |
| 9:03 | Peon |
| 9:27 | Beastiary |
| 9:32 | Reinforced Defenses |
| 9:51 | Watch Tower |
| 9:53 | Troll Batrider |
| 10:03 | Watch Tower |
| 10:26 | Troll Batrider |
| 10:28 | Wind Walk |
| 10:30 | Healing Wave |
| 10:49 | Watch Tower |
| 10:55 | Liquid Fire |
| 11:20 | Troll Batrider |
| 11:39 | Beastiary |
| 11:50 | Troll Batrider |
| 12:09 | Troll Batrider |
| 12:22 | Orb of Lightning |
| 12:29 | Troll Batrider |
| 12:41 | Watch Tower |
| 12:45 | Troll Batrider |
| 12:47 | Troll Batrider |
| 13:02 | Troll Batrider |
| 13:15 | Troll Batrider |
| 13:33 | Watch Tower |
| 14:05 | Troll Batrider |
| 14:11 | Troll Batrider |
| 14:13 | Steel Ranged Weapons |
| 14:42 | Altar of Storms |
| 14:52 | Troll Batrider |
| 15:19 | Steel Armor |
| 16:58 | Thorium Ranged Weapons |
| 17:30 | Troll Batrider |
| 17:31 | Troll Batrider |
| 18:09 | Beastiary |
| 18:19 | Healing Salve |
| 18:24 | Staff of Teleportation |
| 18:26 | Periapt of Vitality |
| 18:36 | Orb of Lightning |
| 19:05 | Troll Batrider |
| 19:22 | Healing Wave |
| 19:34 | Arcanite Ranged Weapons |
| Right click | 1330 |
| Select | 389 |
| Select group | 267 |
| Build/train/purchase | 74 |
| Use ability | 57 |
| Misc. action | 46 |
| Assign group | 24 |
| Item give/drop | 14 |
| Chat | 9 |
| Minimap ping | 2 |



| Staff of Sanctuary | 3 | 750 |
| Lesser Clarity Potion | 2 | 140 |
| Staff of Teleportation | 3 | 450 |
| Boots of Speed | 3 | 750 |
| Healing Salve | 3 | 300 |
| Orb of Lightning | 2 | 750 |
| total: | 16 | 3140g |
| Peasant | 19 | 1425 | / | 0 |
| Priest | 1 | 135 | / | 10 |
| Dragonhawk Rider | 3 | 600 | / | 90 |
| total: | 23 | 2160g | / | 100w |
| Scout Tower | 60 | 1800 | / | 1200 |
| Arcane Tower | 2 | 140 | / | 100 |
| Guard Tower | 34 | 2380 | / | 1700 |
| Altar of Kings | 1 | 180 | / | 50 |
| Farm | 5 | 400 | / | 100 |
| Lumber Mill | 1 | 120 | / | 0 |
| Town Hall | 2 | 770 | / | 410 |
| Arcane Vault | 2 | 260 | / | 60 |
| Blacksmith | 1 | 140 | / | 60 |
| Barracks | 1 | 160 | / | 60 |
| Arcane Sanctum | 1 | 150 | / | 140 |
| Gryphon Aviary | 1 | 140 | / | 150 |
| Keep | 1 | 320 | / | 210 |
| Castle | 1 | 360 | / | 210 |
| total: | 75 | 4120g | / | 2230w |
| 0:01 | Peasant |
| 0:02 | Peasant |
| 0:06 | Altar of Kings |
| 0:17 | Farm |
| 0:19 | Peasant |
| 0:29 | Peasant |
| 0:38 | Peasant |
| 0:40 | Farm |
| 0:58 | Peasant |
| 1:03 | Lumber Mill |
| 1:28 | Scout Tower |
| 1:35 | Peasant |
| 1:35 | Peasant |
| 1:37 | Peasant |
| 1:45 | Scout Tower |
| 1:47 | Scout Tower |
| 1:57 | Arcane Tower |
| 2:07 | Blizzard |
| 2:16 | Guard Tower |
| 2:17 | Scout Tower |
| 2:19 | Peasant |
| 2:19 | Peasant |
| 2:19 | Peasant |
| 2:22 | Guard Tower |
| 2:27 | Scout Tower |
| 2:30 | Peasant |
| 2:31 | Peasant |
| 2:41 | Scout Tower |
| 3:03 | Guard Tower |
| 3:04 | Scout Tower |
| 3:05 | Scout Tower |
| 3:06 | Scout Tower |
| 3:06 | Scout Tower |
| 3:39 | Keep |
| 3:44 | Guard Tower |
| 4:02 | Staff of Teleportation |
| 4:15 | Boots of Speed |
| 4:28 | Healing Salve |
| 4:34 | Farm |
| 4:41 | Farm |
| 4:52 | Guard Tower |
| 4:55 | Guard Tower |
| 5:25 | Guard Tower |
| 5:35 | Scout Tower |
| 5:37 | Scout Tower |
| 5:57 | Brilliance Aura |
| 6:03 | Guard Tower |
| 6:08 | Scout Tower |
| 6:08 | Scout Tower |
| 6:09 | Scout Tower |
| 6:09 | Scout Tower |
| 6:10 | Scout Tower |
| 6:11 | Scout Tower |
| 6:11 | Scout Tower |
| 6:58 | Town Hall |
| 7:10 | Scout Tower |
| 7:10 | Scout Tower |
| 7:11 | Scout Tower |
| 7:12 | Scout Tower |
| 7:13 | Scout Tower |
| 7:17 | Storm Bolt |
| 8:17 | Arcane Vault |
| 8:19 | Arcane Vault |
| 8:31 | Guard Tower |
| 8:32 | Guard Tower |
| 8:34 | Arcane Sanctum |
| 8:36 | Arcane Tower |
| 8:37 | Guard Tower |
| 9:22 | Castle |
| 9:24 | Peasant |
| 9:46 | Magic Sentry |
| 9:46 | Priest |
| 9:48 | Guard Tower |
| 9:49 | Guard Tower |
| 9:49 | Guard Tower |
| 9:51 | Improved Lumber Harvesting |
| 9:53 | Peasant |
| 9:54 | Peasant |
| 10:00 | Healing Salve |
| 10:14 | Improved Masonry |
| 10:35 | Blizzard |
| 10:38 | Town Hall |
| 10:41 | Scout Tower |
| 10:41 | Scout Tower |
| 10:42 | Scout Tower |
| 10:42 | Scout Tower |
| 10:43 | Scout Tower |
| 10:43 | Scout Tower |
| 10:44 | Scout Tower |
| 10:44 | Scout Tower |
| 10:45 | Scout Tower |
| 10:45 | Scout Tower |
| 10:45 | Scout Tower |
| 10:46 | Scout Tower |
| 10:52 | Boots of Speed |
| 10:57 | Scout Tower |
| 10:58 | Scout Tower |
| 11:04 | Peasant |
| 11:14 | Guard Tower |
| 11:28 | Guard Tower |
| 11:48 | Healing Salve |
| 11:53 | Gryphon Aviary |
| 11:55 | Guard Tower |
| 12:22 | Guard Tower |
| 12:41 | Guard Tower |
| 12:42 | Guard Tower |
| 12:44 | Advanced Lumber Harvesting |
| 12:54 | Staff of Sanctuary |
| 12:57 | Staff of Sanctuary |
| 13:09 | Blacksmith |
| 13:10 | Dragonhawk Rider |
| 13:11 | Dragonhawk Rider |
| 13:13 | Farm |
| 13:25 | Staff of Teleportation |
| 13:32 | Boots of Speed |
| 14:10 | Holy Light |
| 14:26 | Barracks |
| 14:27 | Studded Leather Armor |
| 14:28 | Guard Tower |
| 14:29 | Scout Tower |
| 14:31 | Peasant |
| 14:54 | Bash |
| 15:00 | Staff of Sanctuary |
| 15:01 | Orb of Lightning |
| 15:20 | Guard Tower |
| 15:23 | Scout Tower |
| 15:24 | Scout Tower |
| 15:24 | Scout Tower |
| 15:25 | Scout Tower |
| 15:25 | Scout Tower |
| 15:26 | Scout Tower |
| 15:27 | Scout Tower |
| 15:27 | Scout Tower |
| 15:28 | Scout Tower |
| 15:32 | Orb of Lightning |
| 15:34 | Staff of Teleportation |
| 15:57 | Dragonhawk Rider |
| 15:58 | Animal War Training |
| 16:00 | Guard Tower |
| 16:18 | Guard Tower |
| 16:25 | Scout Tower |
| 16:26 | Scout Tower |
| 16:26 | Scout Tower |
| 16:27 | Scout Tower |
| 16:28 | Scout Tower |
| 16:28 | Scout Tower |
| 16:29 | Scout Tower |
| 17:01 | Lesser Clarity Potion |
| 17:01 | Lesser Clarity Potion |
| 17:27 | Guard Tower |
| 18:04 | Brilliance Aura |
| 18:22 | Guard Tower |
| 18:24 | Priest Adept Training |
| 18:25 | Advanced Masonry |
| 18:27 | Guard Tower |
| 18:30 | Scout Tower |
| 18:30 | Scout Tower |
| 18:31 | Scout Tower |
| 18:31 | Scout Tower |
| 18:32 | Scout Tower |
| 19:33 | Divine Shield |
| Right click | 1941 |
| Select | 544 |
| Select group | 362 |
| Build/train/purchase | 156 |
| Use ability | 67 |
| Assign group | 15 |
| Minimap ping | 7 |
| Chat | 7 |
| Misc. action | 5 |
| Item give/drop | 4 |
106 units @ 15.7k
/ 2.5k
56 buildings @ 8.1k
/ 3.6k

| Peasant | 32 | 2400 | / | 0 |
| Dragonhawk Rider | 3 | 600 | / | 90 |
| Gryphon Rider | 7 | 1960 | / | 490 |
| Siege Engine | 3 | 585 | / | 180 |
| Mortar Team | 2 | 360 | / | 140 |
| total: | 47 | 5905g | / | 900w |
| Lumber Mill | 1 | 120 | / | 0 |
| Farm | 15 | 1200 | / | 300 |
| Altar of Kings | 1 | 180 | / | 50 |
| Blacksmith | 1 | 140 | / | 60 |
| Arcane Vault | 1 | 130 | / | 30 |
| Town Hall | 2 | 770 | / | 410 |
| Gryphon Aviary | 4 | 560 | / | 600 |
| Workshop | 2 | 280 | / | 280 |
| Keep | 1 | 320 | / | 210 |
| Castle | 1 | 360 | / | 210 |
| total: | 27 | 3380g | / | 1730w |
| 0:03 | Peasant |
| 0:03 | Peasant |
| 0:03 | Peasant |
| 0:26 | Peasant |
| 0:54 | Peasant |
| 1:00 | Lumber Mill |
| 1:04 | Peasant |
| 1:04 | Peasant |
| 1:11 | Farm |
| 1:14 | Peasant |
| 1:15 | Peasant |
| 1:24 | Farm |
| 1:51 | Peasant |
| 2:07 | Altar of Kings |
| 2:19 | Peasant |
| 2:32 | Farm |
| 4:15 | Summon Water Elemental |
| 4:37 | Keep |
| 4:39 | Blacksmith |
| 4:43 | Farm |
| 5:30 | Farm |
| 5:58 | Brilliance Aura |
| 6:04 | Arcane Vault |
| 7:11 | Town Hall |
| 7:15 | Town Hall |
| 7:24 | Castle |
| 7:26 | Gryphon Aviary |
| 7:29 | Gryphon Aviary |
| 8:25 | Gryphon Aviary |
| 8:31 | Peasant |
| 8:31 | Peasant |
| 8:31 | Peasant |
| 8:32 | Peasant |
| 8:33 | Peasant |
| 8:36 | Improved Lumber Harvesting |
| 8:47 | Gryphon Aviary |
| 8:49 | Dragonhawk Rider |
| 8:53 | Dragonhawk Rider |
| 9:15 | Dragonhawk Rider |
| 9:45 | Peasant |
| 9:48 | Gryphon Rider |
| 9:51 | Black Gunpowder |
| 9:52 | Iron Forged Swords |
| 9:57 | Gryphon Rider |
| 10:07 | Gryphon Rider |
| 10:15 | Farm |
| 10:15 | Farm |
| 10:16 | Farm |
| 10:17 | Farm |
| 10:26 | Peasant |
| 10:44 | Gryphon Rider |
| 11:32 | Cloud |
| 12:24 | Gryphon Rider |
| 12:27 | Summon Water Elemental |
| 12:52 | Farm |
| 12:53 | Farm |
| 12:53 | Farm |
| 12:57 | Workshop |
| 13:00 | Workshop |
| 13:04 | Gryphon Rider |
| 14:22 | Gryphon Rider |
| 14:27 | Farm |
| 14:27 | Farm |
| 15:06 | Siege Engine |
| 15:22 | Farm |
| 15:26 | Siege Engine |
| 16:53 | Peasant |
| 16:53 | Peasant |
| 16:54 | Peasant |
| 16:54 | Peasant |
| 17:16 | Mortar Team |
| 17:19 | Peasant |
| 17:19 | Peasant |
| 17:19 | Peasant |
| 17:19 | Peasant |
| 17:21 | Peasant |
| 17:31 | Siege Engine |
| 17:47 | Refined Gunpowder |
| 18:29 | Peasant |
| 18:29 | Peasant |
| 18:29 | Peasant |
| 18:30 | Peasant |
| 18:31 | Peasant |
| 18:34 | Mortar Team |
| Select group | 746 |
| Right click | 438 |
| Select | 244 |
| Build/train/purchase | 69 |
| Assign group | 37 |
| Misc. action | 4 |
| Use ability | 3 |


| Rod of Necromancy | 2 | 300 |
| Orb of Corruption | 1 | 375 |
| Sacrificial Skull | 1 | 50 |
| Dust of Appearance | 1 | 75 |
| Scroll of Town Portal | 1 | 350 |
| total: | 6 | 1150g |
| Acolyte | 7 | 525 | / | 0 |
| Ghoul | 4 | 480 | / | 0 |
| Crypt Fiend | 10 | 2150 | / | 400 |
| Obsidian Statue | 2 | 400 | / | 70 |
| Frost Wyrm | 5 | 1925 | / | 600 |
| total: | 28 | 5480g | / | 1070w |
| Nerubian Tower | 3 | 300 | / | 60 |
| Spirit Tower | 2 | 290 | / | 80 |
| Crypt | 1 | 200 | / | 50 |
| Graveyard | 1 | 215 | / | 0 |
| Ziggurat | 8 | 1200 | / | 400 |
| Altar of Darkness | 1 | 180 | / | 50 |
| Tomb of Relics | 1 | 130 | / | 30 |
| Necropolis | 1 | 225 | / | 0 |
| Slaughterhouse | 1 | 140 | / | 135 |
| Sacrificial Pit | 1 | 75 | / | 150 |
| Boneyard | 2 | 350 | / | 400 |
| Halls of the Dead | 1 | 320 | / | 210 |
| Black Citadel | 1 | 325 | / | 230 |
| total: | 17 | 2715g | / | 1215w |
| 0:04 | Acolyte |
| 0:08 | Crypt |
| 0:13 | Graveyard |
| 0:19 | Acolyte |
| 0:38 | Ziggurat |
| 0:58 | Altar of Darkness |
| 1:14 | Ghoul |
| 1:29 | Ziggurat |
| 1:45 | Crypt Fiend |
| 1:59 | Tomb of Relics |
| 2:21 | Crypt Fiend |
| 2:43 | Crypt Fiend |
| 3:04 | Death Coil |
| 3:16 | Nerubian Tower |
| 3:56 | Halls of the Dead |
| 4:16 | Rod of Necromancy |
| 4:18 | Dust of Appearance |
| 4:40 | Crypt Fiend |
| 4:45 | Ziggurat |
| 5:36 | Unholy Aura |
| 5:57 | Crypt Fiend |
| 6:29 | Acolyte |
| 6:32 | Slaughterhouse |
| 6:35 | Ghoul |
| 6:35 | Ghoul |
| 7:01 | Death Coil |
| 7:15 | Rod of Necromancy |
| 7:53 | Frost Nova |
| 8:17 | Ziggurat |
| 8:26 | Necropolis |
| 8:37 | Black Citadel |
| 8:40 | Creature Attack |
| 9:13 | Obsidian Statue |
| 9:31 | Scroll of Town Portal |
| 9:45 | Crypt Fiend |
| 9:49 | Burrow |
| 10:18 | Acolyte |
| 10:18 | Acolyte |
| 10:18 | Acolyte |
| 10:28 | Crypt Fiend |
| 10:41 | Ziggurat |
| 10:56 | Improved Creature Attack |
| 11:04 | Acolyte |
| 11:39 | Web |
| 12:34 | Obsidian Statue |
| 12:38 | Sacrificial Pit |
| 12:40 | Creature Carapace |
| 12:43 | Ghoul |
| 12:58 | Crypt Fiend |
| 13:12 | Nerubian Tower |
| 13:15 | Ziggurat |
| 13:37 | Boneyard |
| 14:53 | Spirit Tower |
| 14:56 | Crypt Fiend |
| 14:58 | Frost Wyrm |
| 15:17 | Crypt Fiend |
| 15:32 | Freezing Breath |
| 15:35 | Advanced Creature Attack |
| 16:03 | Nerubian Tower |
| 16:06 | Spirit Tower |
| 16:28 | Boneyard |
| 17:00 | Frost Wyrm |
| 17:04 | Frost Armor |
| 17:19 | Orb of Corruption |
| 17:24 | Sacrificial Skull |
| 17:27 | Unholy Aura |
| 17:43 | Frost Wyrm |
| 17:48 | Frost Wyrm |
| 17:51 | Ziggurat |
| 18:26 | Ziggurat |
| 19:14 | Frost Wyrm |
| Right click | 559 |
| Select | 308 |
| Select group | 223 |
| Misc. action | 91 |
| Build/train/purchase | 62 |
| Use ability | 24 |
| Minimap ping | 9 |
| Item give/drop | 3 |
| Assign group | 2 |


x1)
| Orb of Corruption | 2 | 750 |
| Scroll of Town Portal | 1 | 350 |
| Tome of Retraining | 1 | 300 |
| total: | 4 | 1400g |
| Acolyte | 9 | 675 | / | 0 |
| Ghoul | 13 | 1560 | / | 0 |
| Obsidian Statue | 2 | 400 | / | 70 |
| Abomination | 3 | 720 | / | 210 |
| Meat Wagon | 4 | 920 | / | 200 |
| total: | 31 | 4275g | / | 480w |
| Nerubian Tower | 1 | 100 | / | 20 |
| Altar of Darkness | 1 | 180 | / | 50 |
| Crypt | 2 | 400 | / | 100 |
| Ziggurat | 5 | 750 | / | 250 |
| Tomb of Relics | 1 | 130 | / | 30 |
| Graveyard | 1 | 215 | / | 0 |
| Slaughterhouse | 2 | 280 | / | 270 |
| Halls of the Dead | 1 | 320 | / | 210 |
| Black Citadel | 1 | 325 | / | 230 |
| total: | 12 | 1955g | / | 700w |
| 0:04 | Acolyte |
| 0:10 | Altar of Darkness |
| 0:12 | Crypt |
| 0:24 | Ziggurat |
| 0:32 | Acolyte |
| 0:32 | Acolyte |
| 0:58 | Crypt |
| 1:15 | Ghoul |
| 1:45 | Ghoul |
| 1:47 | Cannibalize |
| 1:54 | Tomb of Relics |
| 2:00 | Ghoul |
| 2:13 | Ghoul |
| 2:13 | Ghoul |
| 2:17 | Ghoul |
| 2:43 | Vampiric Aura |
| 2:45 | Halls of the Dead |
| 2:55 | Ziggurat |
| 3:31 | Graveyard |
| 3:54 | Nerubian Tower |
| 3:58 | Ghoul |
| 4:15 | Ziggurat |
| 4:42 | Carrion Swarm |
| 5:01 | Unholy Strength |
| 5:26 | Ziggurat |
| 5:31 | Acolyte |
| 5:58 | Slaughterhouse |
| 6:18 | Frost Armor |
| 6:23 | Unholy Armor |
| 6:54 | Ghoul |
| 7:12 | Black Citadel |
| 8:31 | Obsidian Statue |
| 8:32 | Obsidian Statue |
| 8:44 | Improved Unholy Armor |
| 8:45 | Improved Unholy Strength |
| 8:56 | Slaughterhouse |
| 9:37 | Disease Cloud |
| 9:41 | Ghoul Frenzy |
| 9:55 | Scroll of Town Portal |
| 10:00 | Orb of Corruption |
| 10:00 | Orb of Corruption |
| 10:24 | Abomination |
| 10:50 | Abomination |
| 11:11 | Ziggurat |
| 12:00 | Acolyte |
| 12:00 | Acolyte |
| 12:00 | Acolyte |
| 12:01 | Acolyte |
| 12:02 | Acolyte |
| 12:58 | Vampiric Aura |
| 13:33 | Abomination |
| 13:36 | Ghoul |
| 13:53 | Meat Wagon |
| 14:31 | Frost Nova |
| 15:18 | Meat Wagon |
| 15:22 | Tome of Retraining |
| 15:22 | Retrain Hero |
| 15:25 | Sleep |
| 15:30 | Sleep |
| 15:30 | Vampiric Aura |
| 16:16 | Ghoul |
| 16:16 | Ghoul |
| 16:16 | Ghoul |
| 16:16 | Ghoul |
| 17:34 | Meat Wagon |
| 17:35 | Meat Wagon |
| Select | 258 |
| Select group | 239 |
| Right click | 227 |
| Misc. action | 129 |
| Build/train/purchase | 72 |
| Use ability | 19 |
| Assign group | 9 |
| Minimap ping | 4 |
| Chat | 4 |
| Esc | 3 |
⇛